 Dungeon Crawl Stone Soup version 0.23-a0-494-g91793a9 (webtiles) character file.

58 theanonym the Vexing (level 3, 0/26 HPs)
             Began as a Mummy Enchanter on Dec 3, 2018.
             Slain by an adder (4 damage)
             ... on level 3 of the Dungeon.
             The game lasted 00:04:00 (2033 turns).

theanonym the Vexing (Mummy Enchanter)              Turns: 2033, Time: 00:04:01

Health: 0/26       AC:  5    Str: 12    XL:     3   Next: 75%
Magic:  3/7        EV: 10    Int: 14    God:
Gold:   127        SH:  4    Dex: 12    Spells: 6/7 levels left

rFire    x . .     SeeInvis .   g - +0 dagger (speed)
rCold    + . .     Gourm    .   e - +1 buckler
rNeg     + + +     Faith    .   h - +0 ring mail
rPois    ∞         Spirit   .   (no helmet)
rElec    .         Reflect  .   (no cloak)
rCorr    .         Harm     .   (no gloves)
MR       .....                  (no boots)
Stlth    +.........             (no amulet)
HPRegen  0.08/turn              (no ring)
MPRegen  0.10/turn              (no ring)

@: very slightly contaminated
A: no food or potions, fire vulnerability, cold resistance 1, negative energy
resistance 3, torment resistance, unbreathing
a: no special abilities


Innate Abilities, Weirdness & Mutations

You do not eat or drink.
Your flesh is vulnerable to fire.
You are immune to poison.
Your flesh is cold resistant. (rC+)
You are immune to negative energy. (rN+++)
You are immune to unholy pain and torment.
You can survive without breathing.


   Skills:
 + Level 1.6 Fighting
 * Level 2.4 Short Blades
 - Level 1.5 Dodging
 - Level 2.4 Stealth
 + Level 0.4 Shields
 - Level 2.6 Spellcasting
 - Level 2.6 Hexes


You had 6 spell levels left.
You knew the following spells:

 Your Spells              Type           Power        Failure   Level  Hunger
a - Corona                Hex            #......      26%         1    N/A

Your spell library contained the following spells:

 Spells                   Type           Power        Failure   Level  Hunger
 Ensorcelled Hibernation  Hex/Ice        #.....       56%         2    N/A
 Confuse                  Hex            #.......     63%         3    N/A
 Tukima's Dance           Hex            #.......     63%         3    N/A
 Dazzling Spray           Conj/Hex       #.....       80%         3    N/A

Skill      XL: |  1  2 |
---------------+-------+-----
Short Blades   | 1 2 |  2.4
Fighting       | 1 |  1.6
Dodging        | |  1.5
Stealth        | |  2.4
Shields        | |  0.4
Spellcasting   | |  2.6
Hexes          | |  2.6

Action                   || total
-------------------------++-------
Melee: Dagger            ||    67
       Short sword       ||   104
 Cast: Corona            ||     9
  Use: Scroll            ||     4
 Stab: Sleeping          ||     1
Armor: Leather armour    ||    19
       Robe              ||     2
       Ring mail         ||    78
Dodge: Dodged            ||   109
Block: Buckler           ||    19

Inventory:

Hand Weapons
 a - a +1 dagger
 d - a +0 short sword
   (You took it off a kobold on level 1 of the Dungeon)
 g - a +0 dagger of speed (weapon)
   (You took it off an orc on level 3 of the Dungeon)
Armour
 b - a +0 robe
 c - a +0 leather armour
   (You found it on level 1 of the Dungeon)
 e - a +1 buckler (worn)
   (You found it on level 1 of the Dungeon)
 h - a +0 ring mail (worn)
   (You found it on level 1 of the Dungeon)
Scrolls
 f - a scroll of amnesia
 r - 4 scrolls of identify
 t - a scroll of teleportation {!r}


You were on level 3 of the Dungeon.
You were not hungry.

You visited 1 branch of the dungeon, and saw 3 of its levels.

You collected 127 gold pieces.

Dungeon Overview and Level Annotations

Branches:
Dungeon (3/15)

Altars:

#.. #.# #.# #.# ###.#
#.# #.... #.########....
#.#...........
#.#.######....
##########.#.# #....
#...((@S.....# ###.#
#.#.######.### ##...
#.)#.#.# #.########..#.
#.###.#.S...........###
#..#..%..[..........!.#.
## #.#..######.######...
....#.# .# ##.. ..o...
.# # #.. .......# ##
#####.#


You could see an adder.

Notes
Turn   | Place    | Note
-------+----------+-------------------------------------------
     0 | D:1      | theanonym the Mummy Enchanter began the quest for the Orb.
     0 | D:1      | Reached XP level 1. HP: 13/13 MP: 4/4
    45 | D:1      | HP: 6/13 [kobold (3)]
    58 | D:1      | HP: 5/13 [bat (1)]
    67 | D:1      | Reached skill level 1 in Short Blades
   397 | D:1      | HP: 7/14 [rat (1)]
   571 | D:1      | Reached XP level 2. HP: 20/20 MP: 5/5
   621 | D:1      | Reached skill level 1 in Fighting
  1457 | D:2      | Reached skill level 2 in Short Blades
  1457 | D:2      | Reached XP level 3. HP: 19/26 MP: 2/7
  1928 | D:3      | HP: 12/26 [orc/+0 hand axe (5)]
  2015 | D:3      | HP: 11/26 [adder (3)]
  2022 | D:3      | HP: 9/26 [adder (2)]
  2029 | D:3      | HP: 4/26 [adder (2)]
  2033 | D:3      | Slain by an adder

Vanquished Creatures
  2 adders
  An ooze (D:3)
  A leopard gecko (D:2)
  3 orcs
  2 goblins (D:1)
  A hobgoblin (D:3)
  2 jackals (D:1)
  4 kobolds (D:1)
  8 bats
  3 frilled lizards
  7 rats
34 creatures vanquished.

Table legend:
 A = Turns spent in this place as a percentage of turns spent in the entire game.
 B = Non-inter-level travel turns spent in this place as a percentage of non-inter-level travel turns spent in the entire game.
 C = Inter-level travel turns spent in this place as a percentage of turns spent in this place.
 D = Turns resting spent in this place as a percentage of non-inter-level travel turns spent in this place.
 E = Turns spent auto-exploring this place as a percentage of non-inter-level travel turns spent in this place.
 F = Non-inter-level travel turns spent in this place divided by the number of levels of this place that you've seen.
                   A       B       C       D       E      F
               +-------+-------+-------+-------+-------+----------------------
         Total | 100.0 | 100.0 |   4.5 |  41.1 |  37.7 | 647.0
       Dungeon | 100.0 | 100.0 |   4.5 |  41.1 |  37.7 | 647.0
               +-------+-------+-------+-------+-------+----------------------
